 Dungeon Crawl Stone Soup version 0.14-a0-2374-ge879b5e (webtiles) character file.

330 Mitsuki the Shield-Bearer (level 5, -1/33 HPs)
             Began as a Gargoyle Fighter on Feb 1, 2014.
             Was an Initiate of Okawaru.
             Killed by divine providence
             ... invoked by an orc priest
              (12 damage)
             ... on Level 3 of the Dungeon.
             The game lasted 00:04:13 (2092 turns).

Mitsuki the Shield-Bearer (Gargoyle Fighter)        Turns: 2092, Time: 00:04:14

HP  -1/33        AC 17     Str 20      XL: 5   Next: 54%
MP   5/5         EV  3     Int  9      God: Okawaru [......]
Gold 156         SH 19     Dex  9      Spells:  0 memorised,  4 levels left

rFire  . . .     SeeInvis .     a - +0 mace
rCold  . . .     Clarity  .     n - +0 plate armour
rNeg   + . .     Conserve .     c - +0 shield
rPois  +         rCorr    .     (no helmet)
rElec  +         rRot     +     s - +0 cloak
SustAb . .       Spirit   .     (no gloves)
rMut   .         Warding  .     (no boots)
Saprov . . .     Stasis   .     (no amulet)
MR     .....                    (no ring)
                                (no ring)

@: not resistant to hostile enchantments, extremely unstealthy
A: life protection 1, electricity resistance, unbreathing, petrification
resistance, AC +4
a: Renounce Religion


You were on level 3 of the Dungeon.
You worshipped Okawaru.
Okawaru was noncommittal.
You were very hungry.

You visited 1 branch of the dungeon, and saw 3 of its levels.

You collected 156 gold pieces.

Inventory:

Hand weapons
 a - a +0,+0 mace (weapon)
Armour
 c - a +0 shield (worn)
 n - a +0 plate armour (worn)
 s - a +0 cloak (worn)
Comestibles
 d - 5 bread rations
 m - a slice of pizza
 t - 2 meat rations
 u - a lemon
Scrolls
 i - a scroll of immolation {unknown}
 j - 5 scrolls of enchant weapon II {unknown}
 l - a scroll of blinking {unknown}
 o - a scroll of enchant armour {unknown}
 q - 2 scrolls of identify {unknown}
 r - a scroll of enchant weapon I {unknown}
 v - a scroll of magic mapping {unknown}
 w - a scroll of remove curse {unknown}
 x - a scroll of recharging {unknown}
 y - a scroll of noise {unknown}
 z - a scroll of curse armour {unknown}
Jewellery
 b - a +3 ring of dexterity {unknown}
Potions
 e - a potion of heal wounds {unknown}
 f - 2 potions of agility {unknown}
 g - 2 potions of invisibility
 h - 3 potions of curing {unknown}
 k - 2 potions of resistance {unknown}
 p - 2 potions of cure mutation {unknown}


   Skills:
 + Level 3.9 Fighting
 + Level 3.2 Maces & Flails
 + Level 4.4 Armour
 + Level 4.9 Shields


You had 4 spell levels left.
You didn't know any spells.

Dungeon Overview and Level Annotations

Branches:
Dungeon (3/16)

Altars:
Elyvilon
Okawaru
Xom
Zin
The Shining One


Innate Abilities, Weirdness & Mutations

You are resistant to torment.
You are immune to poison.
Your stone body is very resilient (AC +4).
You resist negative energy.
You are resistant to electric shocks.
You can survive without breathing.
You are immune to petrification.


Message History

You open the door.
There is an open door here.
You are feeling very hungry.
The orc drinks a potion.
The orc flickers and vanishes!
Deactivating autopickup; reactivate with Ctrl-A.
The orc priest prays to Beogh.
You feel a wave of unholy energy pass over you.
You close the door.
An orc opens the door.
The orc priest invokes the aid of Beogh against you.
Something smites you!
You hit the orc.
You kill the orc!
Okawaru accepts your kill.
You sock something! Okawaru accepts your kill.
Reactivating autopickup.
You feel a bit more experienced.
The orc priest mumbles some strange prayers to Beogh against you.
Something smites you!
You die...

#.###################.##
#.###################.#
#.....................#
####....####>........... #....#
#............ #....#
#............ ############....#
#............
##..........#....####............
............'...@o..o..####......
##..........#....####..# #...###
............#....# #..########
............#.......#ooo......#
............#.......#o.###.....
....#########...... #..###.....
....# #...##...... #..........
##### #...##.......#.%....##.#
#...# . ... #[.....#


You could see an orc priest and an orc.

Vanquished Creatures
  The ghost of QueenB the Covert, an average SpAs (D:3)
  3 adders (D:3)
  A giant mite (D:2)
  A worm (D:2)
  2 giant geckos
  3 orcs (D:3)
  4 bats
  4 giant cockroaches
  6 hobgoblins
  A giant newt (D:2)
  7 goblins
  9 kobolds
  7 rats
49 creatures vanquished.

Notes
Turn   | Place    | Note
--------------------------------------------------------------
     0 | D:1      | Mitsuki, the Gargoyle Fighter, began the quest for the Orb.
     0 | D:1      | Reached XP level 1. HP: 14/14 MP: 1/1
    65 | D:1      | Found a shimmering altar of Xom.
   179 | D:1      | Reached XP level 2. HP: 17/19 MP: 2/2
   884 | D:2      | Reached XP level 3. HP: 24/24 MP: 3/3
  1137 | D:2      | Found a glowing golden altar of the Shining One.
  1140 | D:2      | Found an iron altar of Okawaru.
  1144 | D:2      | Became a worshipper of Warmaster Okawaru
  1155 | D:2      | Found a white marble altar of Elyvilon.
  1172 | D:2      | Found a glowing silver altar of Zin.
  1601 | D:3      | Reached skill level 4 in Armour
  1644 | D:3      | Reached XP level 4. HP: 21/29 MP: 4/4
  1885 | D:3      | Noticed QueenB's ghost (average SpAs)
  1908 | D:3      | Killed QueenB's ghost
  1908 | D:3      | Reached XP level 5. HP: 30/33 MP: 5/5
  2092 | D:3      | Killed from afar by an orc priest

Action                   |  1- 3 |  4- 6 || total
-------------------------+-------+-------++-------
Melee: Mace              |   106 |    61 ||   167
